 Dungeon Crawl Stone Soup version 0.29-a0-649-g45c230d69a (webtiles) character file.

Game seed: 6548215282257990127

178 Conn the Firebug (level 5, 0/32 HPs)
             Began as an Octopode Fire Elementalist on June 21, 2022.
             Slain by Grinder (2 damage)
             ... on level 4 of the Dungeon.
             The game lasted 00:07:39 (3904 turns).

Conn the Firebug (Octopode Fire Elementalist)       Turns: 3904, Time: 00:07:43

Health: 0/32       AC:  1    Str:  7    XL:     5   Next: 58%
Magic:  3/9        EV: 13    Int: 20    God:
Gold:   159        SH:  0    Dex: 12    Spells: 9/10 levels left

rFire   . . .      SeeInvis .   b - +0 dagger
rCold   . . .      Faith    .   (no shield)
rNeg    . . .      Spirit   .   (helmet restricted)
rPois   .          Reflect  .   (no amulet)
rElec   .          Harm     .   (no ring)
rCorr   .          Rampage  .   (no ring)
Will    .....                   (no ring)
Stlth   +++.......              (no ring)
HPRegen 0.10/turn               (no ring)
MPRegen 0.11/turn               (no ring)
                                (no ring)
                                (no ring)

@: mighty, brilliant, flying, hasted, very quick
A: almost no armour, amphibious, 8 rings, camouflage 1, gelatinous body 1,
(nimble swimmer 1), tentacles
a: no special abilities


You were on level 4 of the Dungeon.
You visited 1 branch of the dungeon, and saw 4 of its levels.

You collected 159 gold pieces.

Inventory:

Hand Weapons
 b - a +0 dagger (weapon)
Scrolls
 c - 2 scrolls of teleportation {unknown}
 g - 8 scrolls of identify {unknown}
 h - 2 scrolls of torment {unknown}
 i - a scroll of brand weapon {unknown}
 m - a scroll of enchant weapon {unknown}
 n - a scroll of enchant armour {unknown}
 o - a scroll of summoning {unknown}
Potions
 a - a potion of magic
 e - a potion of mutation {unknown}
 f - a potion of might
 j - a potion of ambrosia {unknown}
 k - 3 potions of haste
 l - a potion of curing
 p - a potion of flight


   Skills:
 + Level 0.3 Fighting
 + Level 0.4 Short Blades
 + Level 2.5 Dodging
 + Level 3.7 Stealth
 + Level 0.1 Unarmed Combat
 + Level 3.0 Spellcasting
 + Level 2.4 Conjurations
 + Level 4.1 Fire Magic


You had 9 spell levels left.
You knew the following spells:

 Your Spells              Type           Power      Damage    Failure   Level
a - Foxfire               Conj/Fire      96%        2x1d8     3%          1

Your spell library contained the following spells:

 Spells                   Type           Power      Damage    Failure   Level
 Scorch                   Fire           58%        2d8       4%          2
 Conjure Flame            Conj/Fire      24%        6-21      11%         3
 Inner Flame              Hex/Fire       16%        N/A       19%         3
 Flame Wave               Conj/Fire      24%        2d7       36%         4


Dungeon Overview and Level Annotations

Branches:
Dungeon (4/15)
 Temple: D:4-7

Altars:
Fedhas
Xom

Shops:
D:1 *

Annotations:
D:4 Grinder


Innate Abilities, Weirdness & Mutations

You cannot wear most types of armour.
You are amphibious.
You can wear up to eight rings at the same time.
Your skin changes colour to match your surroundings (Stealth+).
Your rubbery body absorbs attacks. (AC +1, EV +1)
((You are camouflaged when in or above water. (Stealth+)))
You have tentacles for arms and can constrict up to eight enemies at once.


Message History

Confirm with . or Enter, or press ? or * to list all spells.
You conjure some foxfire!
The quokka bites you but does no damage.
Unknown command.
Casting: Foxfire (safe; 3% risk of failure)
Confirm with . or Enter, or press ? or * to list all spells.
You conjure some foxfire!
The foxfire hits the quokka.
The quokka is almost dead.
The foxfire hits the quokka.
You kill the quokka!
Grinder blinks!
It was a potion of flight.
You feel very buoyant.
You fly up into the air.
The foxfire hits Grinder but does no damage.
Grinder is moderately wounded.
Grinder says, "Wait up."
It was a potion of brilliance.
You feel clever all of a sudden.
Casting: Foxfire (safe; 3% risk of failure)
Confirm with . or Enter, or press ? or * to list all spells.
You feel a surge of power!
You conjure some foxfire!
Grinder barely misses you.
You closely miss Grinder. You grab Grinder.
Grinder is moderately wounded.
You constrict Grinder, but do no damage.
The foxfire hits Grinder.
Grinder is heavily wounded.
The foxfire hits Grinder.
Grinder is heavily wounded.
Grinder barely misses you.
You puncture Grinder!
Grinder is severely wounded.
You constrict Grinder. You barely miss Grinder.
Grinder is almost dead.
You constrict Grinder, but do no damage.
Grinder hits you!
* * * LOW HITPOINT WARNING * * *
You writhe in agony.
You die...

#......###.## ##..##
##...##.....####..###
#####.......###..##...##
.....###...## ##.......#
..... ###.## ###......##
#r.. #..###..........
#... ##.....##.......
#...####.....####)....#
#5...#@...##.## ##.....
#...†5...##..###..###.
#....#...#...##..## ##
#.####.#..........# # #
#....####.#..## #...##
#..##..#### .##.#
##...##..... #
##..#...........
#........#####


You could see Grinder.

Vanquished Creatures
  A jelly (D:4)
  6 adders (D:2)
  A worm (D:2)
  A dart slug (D:1)
  2 orcs (D:3)
  8 ball pythons
  7 endoplasms
  A giant cockroach (D:2)
  6 goblins
  9 hobgoblins
  5 jackals
  7 kobolds
  4 quokkas
  16 bats
  4 frilled lizards (D:2)
  9 rats
87 creatures vanquished.

Vanquished Creatures (others)
  238 foxfires
238 creatures vanquished.

Grand Total: 325 creatures vanquished

Notes
Turn   | Place    | Note
-------+----------+-------------------------------------------
     0 | D:1      | Conn the Octopode Fire Elementalist began the quest for the
                  | Orb.
     0 | D:1      | Reached XP level 1. HP: 11/11 MP: 3/3
    42 | D:1      | Reached XP level 2. HP: 6/17 MP: 5/5
   336 | D:1      | Found Ceis's General Store.
   775 | D:1      | Reached XP level 3. HP: 21/21 MP: 6/6
  1245 | D:2      | Reached XP level 4. HP: 27/27 MP: 3/7
  1590 | D:2      | Found a faded altar of an unknown god.
  1826 | D:2      | Found a shimmering altar of Xom.
  2475 | D:2      | Reached XP level 5. HP: 31/31 MP: 9/9
  3016 | D:3      | Reached skill level 4 in Fire Magic
  3230 | D:3      | Found a blossoming altar of Fedhas.
  3888 | D:4      | Noticed Grinder
  3904 | D:4      | Slain by Grinder

Illustrated notes

Levels and vault maps discovered:
D:1:      onia_arrival_pentagram, layout_basic, serial_shops, shop,
          kennysheep_minor_cross
D:2:      minmay_razor_zed, layout_basic, basic_altar,
          shapermc_ecumenical_altar_starsandcircs, minmay_unequal
D:3:      layout_basic, general_overflow_altar
D:4:      layout_layer_cave, uniq_ijyb, uniq_eustachio, uniq_grinder

Skill      XL: |  1  2  3  4  5 |
---------------+----------------+-----
Stealth        | 3 |  3.7
Conjurations   | 2 |  2.4
Fire Magic     | 4 |  4.1
Spellcasting   | 3 |  3.0
Fighting       | |  0.3
Short Blades   | |  0.4
Dodging        | |  2.5
Unarmed Combat | |  0.1

Action                   |  1- 3 |  4- 6 || total
-------------------------+-------+-------++-------
Melee: Unarmed           |    17 |       ||    17
       Tentacles         |     9 |     8 ||    17
       Constrict         |     8 |    10 ||    18
       Dagger            |    15 |    54 ||    69
 Cast: Foxfire           |    41 |    96 ||   137
  Use: Potion            |     1 |     7 ||     8
 Stab: Sleeping          |     5 |     7 ||    12
Armor: Skin              |     3 |     3 ||     6
Dodge: Dodged            |    22 |    44 ||    66

Table legend: (Time is in decaauts)
 A = Elapsed time spent in this place.
 B = Non-inter-level travel time spent in this place.
 C = Inter-level travel time spent in this place.
 D = Time resting spent in this place.
 E = Time spent auto-exploring this place.
 F = Levels seen in this place.
 G = Mean time per level.
                   A        B        C        D        E       F      G
               +--------+--------+--------+--------+--------+-----+--------+
         Total |   3900 |   3802 |     98 |      0 |   3144 |   4 |  975.0 |
       Dungeon |   3900 |   3802 |     98 |      0 |   3144 |   4 |  975.0 |
               +--------+--------+--------+--------+--------+-----+--------+

Top non-repeatable levels by time:
     D:2: 1735 daAuts
     D:3: 938 daAuts
     D:1: 888 daAuts
     D:4: 337 daAuts
